[Event "Titled Tuesday Blitz January 18 2022"]
[White "De Silva, L M S T"]
[Black "Dolzhykova, Kateryna"]
[WhiteFideId "9953698"]
[BlackFideId "14113414"]
[WhiteElo "1631"]
[BlackElo "2165"]
[Result "1-0"]
[Round "06"]
[TimeControl "180+1"]
[Date "2022.01.18"]
[WhiteClock "0:01:11"]
[BlackClock "0:00:05"]

1. e4 c5 2. Nf3 Nc6 3. Bb5 g6 4. O-O Bg7 5. c3 a6 6. Bxc6 dxc6 7. d3 e5 8. Qe2 Ne7 9. a4 O-O 10. a5 f6 11. Be3 Qd6 12. Na3 Be6 13. Nc4 Bxc4 14. dxc4 Nc8 15. Rfd1 Qe7 16. Rd3 Rf7 17. Rad1 Bf8 18. Rd8 Nb6 19. Rxf8+ Rfxf8 20. axb6 Rfd8 21. Nd2 a5 22. Nb3 Rxd1+ 23. Qxd1 Rd8 24. Qe2 a4 25. Nxc5 Ra8 26. h3 a3 27. bxa3 Rxa3 28. Qg4 f5 29. exf5 Rxc3 30. fxg6 Rxe3 31. gxh7+ Kxh7 32. Qf5+ Kh8 33. Qc8+ Kh7 34. Qxb7 Qxb7 35. Nxb7 Re1+ 36. Kh2 Rb1 37. c5 Kg6 38. Nd8 Kf6 39. Nxc6 Ke6 40. b7 Rxb7 41. Nd8+ Kd5 42. Nxb7 Kc6 43. Nd6 Kxc5 44. Ne4+ Kd4 45. f3 Ke3 46. h4 Kf4 1-0


[Site "https://www.chess.com"]

[Event "Titled Tuesday Blitz January 18 2022"]
[White "Demchenko, Anton"]
[Black "Vazquez, Facundo"]
[WhiteFideId "4160258"]
[BlackFideId "3007669"]
[WhiteElo "2539"]
[BlackElo "1984"]
[Result "1/2-1/2"]
[Round "06"]
[TimeControl "180+1"]
[Date "2022.01.18"]
[WhiteClock "0:00:02"]
[BlackClock "0:00:06"]

1. e4 c5 2. Nf3 e6 3. g3 Nc6 4. Bg2 d5 5. exd5 exd5 6. O-O Bd6 7. d4 cxd4 8. Nxd4 Nge7 9. Nc3 O-O 10. Ndb5 Be6 11. Nxd6 Qxd6 12. Ne2 d4 13. Nf4 Bf5 14. Nd3 Ng6 15. h4 Rfe8 16. h5 Nge5 17. Bf4 Qf6 18. Nxe5 Nxe5 19. Re1 Nc6 20. Qd2 h6 21. Bf3 Rad8 22. Rxe8+ Rxe8 23. Kg2 Qe6 24. a3 Be4 25. Bxe4 Qxe4+ 26. Kg1 Qf3 27. Re1 Rxe1+ 28. Qxe1 Qxh5 29. Qe8+ Kh7 30. Qe4+ Qg6 31. Qe2 Qe6 32. Qd3+ f5 33. Kf1 Qe4 34. Qb3 Qh1+ 35. Ke2 Qe4+ 36. Kd2 b6 37. f3 Qe7 38. Qd3 Qe6 39. g4 g6 40. g5 hxg5 41. Bxg5 Ne5 42. Qf1 Qd5 43. Qh3+ Kg8 44. Ke2 d3+ 45. cxd3 Qxd3+ 46. Kf2 Qc2+ 47. Kg3 Qd3 48. Kg2 Qe2+ 49. Kh1 Nxf3 50. Bf4 Qe1+ 51. Kg2 Qe2+ 52. Kh1 Qe4 53. Qg3 Nh4+ 54. Kg1 Nf3+ 55. Kf2 g5 56. Bxg5 Nxg5 57. Qxg5+ Kf7 58. Qh5+ Ke6 59. Qe8+ Kd5 60. Qd7+ Kc4 61. Qxa7 Qd4+ 62. Kf3 Qxb2 63. Qf7+ Kc3 64. Qf6+ Kc2 65. Qxf5+ Kc1 66. Qg5+ Kb1 67. Qe3 Ka2 68. Ke4 Qxa3 69. Qxb6 Qb2 70. Qa6+ Kb1 71. Qd3+ Qc2 72. Qxc2+ Kxc2 1/2-1/2


[Site "https://www.chess.com"]

[Event "Titled Tuesday Blitz January 18 2022"]
[White "Demin, Vladimir"]
[Black "Srihari L R"]
[WhiteFideId "4167457"]
[BlackFideId "46617116"]
[WhiteElo "2484"]
[BlackElo "2121"]
[Result "0-1"]
[Round "06"]
[TimeControl "180+1"]
[Date "2022.01.18"]
[WhiteClock "0:01:47"]
[BlackClock "0:02:11"]

1. d4 Nf6 2. g4 Nxg4 3. e4 d6 4. f3 Nf6 5. Be3 e5 6. Ne2 Nc6 7. Nbc3 Be7 8. Qd2 exd4 9. Nxd4 d5 10. O-O-O dxe4 11. fxe4 Bg4 12. Be2 Ne5 13. Rhg1 c5 14. Bxg4 cxd4 15. Bxd4 Nfxg4 16. h3 Bg5 0-1


[Site "https://www.chess.com"]

[Event "Titled Tuesday Blitz January 18 2022"]
[White "Erdogdu, Mert"]
[Black "Rustemov, Alexander"]
[WhiteFideId "6301495"]
[BlackFideId "4119002"]
[WhiteElo "2485"]
[BlackElo "2888"]
[Result "1-0"]
[Round "06"]
[TimeControl "180+1"]
[Date "2022.01.18"]
[WhiteClock "0:00:14"]
[BlackClock "0:00:05"]

1. e4 e6 2. d4 d5 3. Nc3 dxe4 4. Nxe4 Bd7 5. Nf3 Bc6 6. Bd3 Nd7 7. O-O Ngf6 8. Ng3 Be7 9. c4 O-O 10. Re1 Bb4 11. Rf1 Be7 12. Bd2 Bxf3 13. Qxf3 c6 14. Bc3 a5 15. a3 Re8 16. Rfe1 Qc7 17. Rad1 Rad8 18. h4 Nf8 19. h5 h6 20. Nf1 Rd7 21. Ne3 Red8 22. g3 N8h7 23. Bc2 Ng5 24. Qe2 Nge4 25. a4 Nxc3 26. bxc3 b6 27. Rd2 Qd6 28. Ng4 Nxg4 29. Qxg4 Bf6 30. Qe4 Kf8 31. Rb1 c5 32. d5 Bxc3 33. Re2 Bd4 34. Kg2 Qe7 35. Qh7 Qf6 36. Rxb6 Rd6 37. Rb7 R6d7 38. d6 g6 39. Rxd7 Rxd7 40. hxg6 Rxd6 41. gxf7 Qg7 42. Qe4 Kxf7 43. Qf3+ Qf6 44. Qh5+ Kg7 45. Qg4+ Qg5 46. Qe4 e5 47. Bd3 Rf6 48. Qh7+ Kf8 49. Qh8+ Qg8 50. Qxf6+ Qf7 51. Qxf7+ Kxf7 52. Be4 Kf6 53. Kf3 h5 54. Re1 Kg5 55. Rh1 Bc3 56. Rh4 Bd4 57. Bd5 Bc3 58. Bf7 e4+ 59. Rxe4 Bd4 60. Rh4 Bxf2 61. Kxf2 Kf5 62. Rxh5+ Ke4 63. Rxc5 Kd4 64. Rxa5 Kc3 65. Rb5 1-0


[Site "https://www.chess.com"]

[Event "Titled Tuesday Blitz January 18 2022"]
[White "Evdokimov, Alexander A."]
[Black "Doluhanova, Evgeniya"]
[WhiteFideId "4139275"]
[BlackFideId "14112035"]
[WhiteElo "2444"]
[BlackElo "2076"]
[Result "1-0"]
[Round "06"]
[TimeControl "180+1"]
[Date "2022.01.18"]
[WhiteClock "0:00:30"]
[BlackClock "0:00:14"]

1. Nf3 Nf6 2. g3 b6 3. Bg2 Bb7 4. O-O g6 5. c4 Bg7 6. Nc3 O-O 7. d4 d5 8. cxd5 Nxd5 9. Bg5 h6 10. Bd2 Nxc3 11. Bxc3 Nd7 12. Qc2 c5 13. Rfd1 Bxf3 14. Bxf3 Rc8 15. dxc5 Rxc5 16. Qa4 Rc7 17. Bxg7 Kxg7 18. Bc6 Nc5 19. Rxd8 Nxa4 20. Rxf8 Rxc6 21. Ra8 a5 22. b3 Nc3 23. Kf1 Ne4 24. Ra7 e6 25. f3 Nf6 26. Rd1 Nd5 27. Rd2 Rc1+ 28. Kf2 Rh1 29. Kg2 Ra1 30. e4 Ne3+ 31. Kf2 Nd1+ 32. Kg2 Ne3+ 33. Kh3 h5 34. Kh4 Kh6 35. Rxf7 g5+ 36. Kh3 Nf1 37. Rd6 Kg6 38. Re7 g4+ 39. fxg4 hxg4+ 40. Kh4 1-0


[Site "https://www.chess.com"]

[Event "Titled Tuesday Blitz January 18 2022"]
[White "Fawzy, Adham"]
[Black "Le, Tuan Minh"]
[WhiteFideId "10613129"]
[BlackFideId "12401153"]
[WhiteElo "2817"]
[BlackElo "2941"]
[Result "1/2-1/2"]
[Round "06"]
[TimeControl "180+1"]
[Date "2022.01.18"]
[WhiteClock "0:00:09"]
[BlackClock "0:00:19"]

1. e4 c5 2. c4 Nc6 3. Nc3 g6 4. g3 Bg7 5. Bg2 e6 6. Nge2 Nge7 7. d3 O-O 8. Be3 Nd4 9. O-O d6 10. Qd2 Nec6 11. Bh6 Ne5 12. Nxd4 Bxh6 13. Qxh6 cxd4 14. Ne2 Nxd3 15. Qd2 Ne5 16. Qxd4 Qc7 17. b3 b6 18. Rfd1 Rd8 19. Nc3 a6 20. Rac1 Rb8 21. f4 Nc6 22. Qe3 Qe7 23. e5 Bb7 24. exd6 Rxd6 25. Ne4 Rxd1+ 26. Rxd1 Rd8 27. Rxd8+ Qxd8 28. Qc3 Nd4 29. Qe3 Bxe4 30. Bxe4 Qd6 31. Kf2 a5 32. Qd3 Qc5 33. Kf1 f5 34. Bg2 Kg7 35. a3 e5 36. fxe5 Qxe5 37. b4 axb4 38. axb4 f4 39. Qe4 Qf6 40. Qxf4 Nf5 41. Be4 Ne3+ 42. Ke2 Qxf4 43. gxf4 Nxc4 44. Kd3 Nd6 45. Kd4 Kf6 46. Bc2 Ke6 47. Bd3 Ne8 48. Bc4+ Kd6 49. Be2 Ng7 50. Bg4 Ne8 51. Bf3 Nf6 52. h3 h6 53. h4 h5 54. Be4 Nxe4 55. Kxe4 Ke6 56. b5 Kf6 57. Kd5 Kf5 58. Kc6 Kxf4 59. Kxb6 g5 60. hxg5 Kxg5 61. Kc7 h4 62. b6 h3 63. b7 h2 64. b8=Q h1=Q 65. Qg8+ 1/2-1/2


[Site "https://www.chess.com"]

[Event "Titled Tuesday Blitz January 18 2022"]
[White "Firat, Burak"]
[Black "Kovalev, Vladislav"]
[WhiteFideId "6305881"]
[BlackFideId "13504398"]
[WhiteElo "2419"]
[BlackElo "2530"]
[Result "1-0"]
[Round "06"]
[TimeControl "180+1"]
[Date "2022.01.18"]
[WhiteClock "0:01:02"]
[BlackClock "0:01:52"]

1. Nf3 Nf6 2. b3 g6 3. Bb2 Bg7 4. g3 O-O 5. Bg2 d5 6. c4 c6 7. O-O a5 8. d3 Na6 9. a3 Nc5 10. Nbd2 Re8 11. Qc2 Bf5 12. b4 Na6 13. Bc3 axb4 14. axb4 Qb6 15. Qb2 Nh5 16. Bxg7 Nxg7 17. Rab1 Nc7 18. c5 Qa7 19. e4 dxe4 20. dxe4 Be6 21. Ra1 Qb8 22. Ng5 Rxa1 23. Rxa1 Na6 24. f4 Rd8 25. Bf1 Nc7 26. Nc4 Nb5 27. Nb6 Nd4 28. Ra8 Qc7 29. Qxd4 1-0


[Site "https://www.chess.com"]

[Event "Titled Tuesday Blitz January 18 2022"]
[White "Goryachkina, Aleksandra"]
[Black "Timofeev, Artyom"]
[WhiteFideId "4147103"]
[BlackFideId "4140419"]
[WhiteElo "2426"]
[BlackElo "2583"]
[Result "0-1"]
[Round "06"]
[TimeControl "180+1"]
[Date "2022.01.18"]
[WhiteClock "0:00:11"]
[BlackClock "0:00:45"]

1. e4 c5 2. Nf3 Nc6 3. Bb5 d6 4. O-O Bd7 5. Re1 a6 6. Bf1 Bg4 7. h3 Bxf3 8. Qxf3 g6 9. d3 Bg7 10. c3 Nf6 11. Be3 Nd7 12. Nd2 O-O 13. Qg3 b5 14. f4 b4 15. Rac1 bxc3 16. bxc3 Rb8 17. f5 Rb2 18. Nf3 Nde5 19. Nxe5 Bxe5 20. Bf4 Bxf4 21. Qxf4 Rxa2 22. h4 Qb6 23. h5 Ne5 24. Kh1 a5 25. Rcd1 gxh5 26. Qg5+ Kh8 27. f6 Rg8 28. Qxh5 exf6 29. Be2 Rg6 30. Qh4 Kg7 31. Bh5 Rg5 32. d4 cxd4 33. cxd4 Ng6 34. Bxg6 Rxg6 0-1


[Site "https://www.chess.com"]

[Event "Titled Tuesday Blitz January 18 2022"]
[White "Grunberg, Mihai-Lucian"]
[Black "Ezat, Mohamed"]
[WhiteFideId "1204149"]
[BlackFideId "10600906"]
[WhiteElo "2364"]
[BlackElo "2386"]
[Result "0-1"]
[Round "06"]
[TimeControl "180+1"]
[Date "2022.01.18"]
[WhiteClock "0:00:05"]
[BlackClock "0:00:05"]

1. Nf3 Nf6 2. c4 g6 3. d4 Bg7 4. Nc3 O-O 5. g3 d6 6. Bg2 Nc6 7. O-O Bg4 8. d5 Na5 9. Nd2 c5 10. Qc2 a6 11. a4 Qb6 12. b3 e5 13. Rb1 h5 14. Ba3 Qc7 15. h3 Bd7 16. e4 Rfb8 17. Bb2 h4 18. g4 b5 19. axb5 axb5 20. Rfe1 Bh6 21. Nf3 Bf4 22. Nxh4 bxc4 23. bxc4 Nxc4 24. Bc1 Rxb1 25. Nxb1 Ra4 26. Nc3 Rb4 27. Na2 Ba4 28. Qc3 Bxc1 29. Rxc1 Rb2 30. Qxc4 Bb5 31. Qc3 Rxa2 32. Rb1 Qa5 33. Qb3 Ra1 34. Rxa1 Qxa1+ 35. Kh2 Qa6 36. Qb2 Nd7 37. Nf3 Qa4 38. Nd2 Qb4 39. Qc2 Nb6 40. Nf1 Nc4 41. Ng3 Qd2 42. Qxd2 Nxd2 43. Ne2 Bd3 44. Nc3 g5 45. Kg3 Nb3 46. h4 f6 47. hxg5 fxg5 48. f3 Nd4 49. Kf2 Ba6 50. Nd1 Kf7 51. Ne3 Ke7 52. Nf5+ Kd7 53. Nxd4 exd4 54. Bf1 Bxf1 55. Kxf1 Ke7 56. Ke2 Kf6 57. f4 gxf4 58. Kf3 d3 59. Kf2 c4 60. Ke1 c3 61. Kd1 f3 62. Ke1 c2 0-1


[Site "https://www.chess.com"]

[Event "Titled Tuesday Blitz January 18 2022"]
[White "Gubajdullin, Alexei"]
[Black "Pultinevicius, Paulius"]
[WhiteFideId "4141202"]
[BlackFideId "12809390"]
[WhiteElo "2268"]
[BlackElo "2413"]
[Result "0-1"]
[Round "06"]
[TimeControl "180+1"]
[Date "2022.01.18"]
[WhiteClock "0:00:08"]
[BlackClock "0:01:00"]

1. d4 Nf6 2. Nf3 e6 3. Bf4 d5 4. e3 Bd6 5. Ne5 O-O 6. Nd2 c5 7. c3 Qc7 8. h4 Nc6 9. Ndf3 Nd7 10. Nxd7 Bxd7 11. Bxd6 Qxd6 12. Bb5 cxd4 13. exd4 a6 14. Bxc6 bxc6 15. O-O c5 16. h5 h6 17. dxc5 Qxc5 18. Ne5 Qc7 19. Re1 Rab8 20. b3 Rfc8 21. Re3 Be8 22. Qg4 Qe7 23. Rae1 Rc7 24. Rg3 Qf6 25. f4 Rbc8 26. Ree3 a5 27. Qf3 Qf5 28. Ng4 Kh8 29. Nf2 f6 30. Rh3 Bc6 31. g4 Qb1+ 32. Kh2 d4 33. Re4 Bxe4 34. Nxe4 dxc3 35. g5 c2 36. gxh6 c1=Q 37. hxg7+ Rxg7 38. Ng3 Qg1# 0-1


[Site "https://www.chess.com"]

[Event "Titled Tuesday Blitz January 18 2022"]
[White "Halkias, Stelios"]
[Black "Villalba, Marcelo"]
[WhiteFideId "4201809"]
[BlackFideId "3701859"]
[WhiteElo "2453"]
[BlackElo "2169"]
[Result "0-1"]
[Round "06"]
[TimeControl "180+1"]
[Date "2022.01.18"]
[WhiteClock "0:00:12"]
[BlackClock "0:00:11"]

1. e4 e5 2. Nf3 Nc6 3. Bb5 a6 4. Ba4 Nf6 5. O-O Be7 6. Re1 b5 7. Bb3 d6 8. c3 O-O 9. d4 Bg4 10. Be3 exd4 11. cxd4 Na5 12. Bc2 Nc4 13. Bc1 c5 14. b3 Nb6 15. Nbd2 cxd4 16. Bb2 Rc8 17. h3 Bh5 18. Bxd4 Nbd7 19. Qb1 Re8 20. Nh4 Bf8 21. Nf5 Bg6 22. Qb2 Nh5 23. Nf1 Ne5 24. Rad1 Qc7 25. Bb1 Nf4 26. N1e3 Bh5 27. Rd2 Qd8 28. Bxe5 Rxe5 29. h4 g6 30. g3 gxf5 31. gxf4 Bf3 32. Qxe5 Qxh4 33. Ng2 Qg4 0-1


[Site "https://www.chess.com"]

[Event "Titled Tuesday Blitz January 18 2022"]
[White "Hjartarson, Johann"]
[Black "Gheorghiu, Calin"]
[WhiteFideId "2300044"]
[BlackFideId "1200305"]
[WhiteElo "2484"]
[BlackElo "2168"]
[Result "1-0"]
[Round "06"]
[TimeControl "180+1"]
[Date "2022.01.18"]
[WhiteClock "0:00:11"]
[BlackClock "0:00:01"]

1. c4 e6 2. g3 d5 3. Bg2 Nf6 4. Nf3 dxc4 5. Qa4+ c6 6. Qxc4 b5 7. Qc2 Bb7 8. d4 Nbd7 9. Nc3 Be7 10. O-O O-O 11. Ne5 Rc8 12. Rd1 a6 13. Ne4 Nxe4 14. Bxe4 Nf6 15. Bf3 Qb6 16. Bg5 Rfd8 17. e3 c5 18. dxc5 Rxc5 19. Rxd8+ Bxd8 20. Qd1 Rxe5 21. Bxf6 Bxf6 22. Qd7 g6 23. Qxb7 Qa5 24. Rd1 Qxa2 25. Rd7 Qb1+ 26. Kg2 Rc5 27. Rxf7 Rc1 28. Kh3 Rg1 29. Rxf6 Qf1+ 30. Kg4 1-0


[Site "https://www.chess.com"]

[Event "Titled Tuesday Blitz January 18 2022"]
[White "Holt, Conrad"]
[Black "Vovk, Orest"]
[WhiteFideId "2034387"]
[BlackFideId "14113490"]
[WhiteElo "2586"]
[BlackElo "2203"]
[Result "0-1"]
[Round "06"]
[TimeControl "180+1"]
[Date "2022.01.18"]
[WhiteClock "0:00:12"]
[BlackClock "0:00:19"]

1. d4 d6 2. Nf3 Nf6 3. c4 Nc6 4. d5 Ne5 5. Nxe5 dxe5 6. Nc3 e6 7. e4 exd5 8. cxd5 Be7 9. Be2 O-O 10. O-O c6 11. dxc6 Qxd1 12. Rxd1 bxc6 13. Be3 Be6 14. Rac1 Rfb8 15. b3 a5 16. f3 Ba3 17. Rc2 Rd8 18. Rxd8+ Rxd8 19. Bb6 Ra8 20. Na4 Nd7 21. Bc7 c5 22. Bb5 f6 23. Rd2 Nf8 24. Bb6 Rc8 25. Bxa5 c4 26. bxc4 Bxc4 27. Bxc4+ Rxc4 28. Nb6 Bc5+ 29. Kf1 Rc1+ 30. Ke2 Ne6 31. Nd5 Nd4+ 32. Kd3 h5 33. Bc3 Ne6 34. a4 Bg1 35. h3 Nc5+ 36. Ke2 Nxa4 37. Bb4 Bd4 38. Rd1 Rc4 39. Bd2 Nc5 40. Rb1 Ne6 41. Rb7 Rc2 42. Ne7+ Kh7 43. Nf5 Bc3 44. Kd3 Rxd2+ 45. Kxc3 Rxg2 46. Re7 Nd4 47. Nxd4 exd4+ 48. Kxd4 Rg3 49. f4 Rxh3 50. e5 fxe5+ 51. Kxe5 Re3+ 52. Kd6 Rxe7 53. Kc5 h4 0-1


[Site "https://www.chess.com"]

[Event "Titled Tuesday Blitz January 18 2022"]
[White "Indjic, Aleksandar"]
[Black "Aditya Mittal"]
[WhiteFideId "911925"]
[BlackFideId "35042025"]
[WhiteElo "2920"]
[BlackElo "2701"]
[Result "1-0"]
[Round "06"]
[TimeControl "180+1"]
[Date "2022.01.18"]
[WhiteClock "0:00:38"]
[BlackClock "0:00:03"]

1. d4 Nf6 2. c4 e6 3. Nc3 Bb4 4. Qc2 O-O 5. a3 Bxc3+ 6. Qxc3 b6 7. Nf3 Bb7 8. b4 d6 9. Bb2 Nbd7 10. e3 a5 11. Be2 Qe7 12. Qc2 axb4 13. axb4 Rxa1+ 14. Bxa1 Ra8 15. Bb2 c5 16. dxc5 bxc5 17. b5 Nb6 18. O-O e5 19. Nd2 Qd7 20. Ra1 Rxa1+ 21. Bxa1 Qc8 22. Qa2 Qa8 23. Qxa8+ Bxa8 24. f3 Nfd7 25. Kf2 d5 26. cxd5 Bxd5 27. e4 Be6 28. Ke3 f6 29. Bc3 Kf7 30. g3 Ke7 31. Kd3 Kd6 32. Kc2 h5 33. Ba5 g6 34. Nb1 Nc4 35. Bxc4 Bxc4 36. Nc3 f5 37. Kd2 f4 38. Bd8 fxg3 39. hxg3 Bf1 40. Ke3 Bc4 41. f4 Bf1 42. f5 gxf5 43. exf5 Bc4 44. Ne4+ Kd5 45. b6 Kc6 46. f6 Bd5 47. Ng5 Nf8 48. f7 Ng6 49. Kd3 c4+ 50. Kc3 Kb5 51. b7 Bxb7 52. Be7 Bd5 53. f8=Q Nxf8 54. Bxf8 Kc6 55. Bg7 Kd6 56. Bf8+ Kc6 57. Bb4 Bg8 58. Kd2 Kd5 59. Bc3 e4 60. Ke3 Be6 61. Nxe6 Kxe6 62. Kxe4 Kf7 63. Kf5 1-0


[Site "https://www.chess.com"]

[Event "Titled Tuesday Blitz January 18 2022"]
[White "Ivanisevic, Ivan"]
[Black "Pajeken, Jakob Leon"]
[WhiteFideId "912417"]
[BlackFideId "12942839"]
[WhiteElo "2495"]
[BlackElo "2351"]
[Result "0-1"]
[Round "06"]
[TimeControl "180+1"]
[Date "2022.01.18"]
[WhiteClock "0:00:01"]
[BlackClock "0:00:18"]

1. e4 e5 2. Nf3 Nc6 3. Bc4 Bc5 4. c3 Nf6 5. d3 a6 6. Bb3 Ba7 7. Nbd2 O-O 8. h3 d5 9. Qe2 dxe4 10. dxe4 Re8 11. Ng5 Re7 12. Nf1 h6 13. Nf3 Na5 14. Bc2 Bd7 15. b3 Bb5 16. Qd2 Rd7 17. c4 Rxd2 18. Bxd2 Nxc4 19. bxc4 Bxc4 20. Rd1 Qe7 21. Ne3 Bxe3 22. Bxe3 c6 23. Nd2 Qe6 24. Nxc4 Qxc4 25. Bb3 Qb4+ 26. Ke2 Nxe4 27. Rd7 Nc5 28. Bxc5 Qb5+ 29. Kf3 Qxc5 30. Rhd1 Kh7 31. Rxb7 f5 32. Rdd7 e4+ 33. Ke2 Qc3 34. h4 h5 35. Rd6 f4 36. Kd1 f3 37. gxf3 Qxf3+ 38. Ke1 e3 0-1


[Site "https://www.chess.com"]

[Event "Titled Tuesday Blitz January 18 2022"]
[White "Ivanov, Oleg"]
[Black "Shirazi, Kamran"]
[WhiteFideId "4103114"]
[BlackFideId "2000733"]
[WhiteElo "2823"]
[BlackElo "2317"]
[Result "1-0"]
[Round "06"]
[TimeControl "180+1"]
[Date "2022.01.18"]
[WhiteClock "0:00:04"]
[BlackClock "0:01:05"]

1. c4 d5 2. cxd5 c6 3. dxc6 Nxc6 4. Nc3 e5 5. d3 Bc5 6. Nf3 Nf6 7. a3 a6 8. Bg5 Qb6 9. e3 Qxb2 10. Na4 Qb5 11. Nxc5 Qxc5 12. Bxf6 gxf6 13. Be2 Qc3+ 14. Nd2 Bf5 15. O-O Bxd3 16. Rc1 Qxa3 17. Nc4 Bxc4 18. Bxc4 Rd8 19. Qf3 Ke7 20. Bd5 Na5 21. Rc7+ Rd7 22. Rxd7+ Kxd7 23. Qxf6 Re8 24. Bxf7 Re7 25. Rd1+ Kc8 26. Be6+ Kb8 27. Qxe5+ Ka7 28. Qd4+ b6 29. Bd5 Rd7 30. e4 Nb7 31. h4 Qc5 32. Qh8 Qc2 33. Re1 Re7 34. Qa1 Qd2 35. Rd1 Qf4 36. Bc4 Na5 37. Bd5 Rg7 38. g3 Qxh4 39. Qxg7+ Qe7 40. Qxe7+ 1-0


[Site "https://www.chess.com"]

[Event "Titled Tuesday Blitz January 18 2022"]
[White "Izoria, Zviad"]
[Black "Aradhya, Garg"]
[WhiteFideId "13601733"]
[BlackFideId "25006746"]
[WhiteElo "2626"]
[BlackElo "2169"]
[Result "1/2-1/2"]
[Round "06"]
[TimeControl "180+1"]
[Date "2022.01.18"]
[WhiteClock "0:00:05"]
[BlackClock "0:00:08"]

1. Nf3 d5 2. e3 Nf6 3. c4 c6 4. Nc3 Bg4 5. d4 e6 6. h3 Bxf3 7. Qxf3 Bb4 8. Bd3 Nbd7 9. O-O O-O 10. Qd1 Qe7 11. a3 Bxc3 12. bxc3 e5 13. a4 Rfe8 14. a5 e4 15. Be2 Qe6 16. Qb3 Rab8 17. cxd5 cxd5 18. Ba3 Rec8 19. Rfc1 b5 20. axb6 Nxb6 21. Bb4 Rc7 22. Ra6 Qd7 23. Qa2 Nc4 24. Bxc4 Rxc4 25. Rxa7 Qf5 26. Ra8 Rbc8 27. Rxc8+ Qxc8 28. Ra1 h5 29. Qa8 Kh7 30. Qxc8 Rxc8 31. Ra5 Kg6 32. Be7 Rxc3 33. Bxf6 gxf6 34. h4 Rc6 35. Rxd5 Ra6 36. Kh2 Ra2 37. Kg3 Rd2 38. f3 Re2 39. fxe4 Rxe3+ 40. Kf4 Re2 41. Kf3 Re1 42. Rd6 Rh1 43. e5 Rxh4 44. Rxf6+ Kg7 45. Rf4 Rh1 46. d5 Rd1 47. d6 Rd3+ 48. Ke4 Rd2 49. Rf3 Kf8 50. g3 Ke8 51. Rf5 Rg2 52. Kf3 Rh2 53. Rf6 Rh1 54. Rh6 Kd7 55. Rf6 Ke8 56. Rh6 Kd7 57. Kf4 Rf1+ 58. Kg5 Re1 59. Kf6 Rf1+ 60. Kg7 Rf5 61. Kf8 Rxe5 62. Kxf7 Rg5 63. Kf6 Rxg3 64. Rxh5 Kxd6 65. Rf5 Re3 66. Rg5 Re6+ 67. Kg7 Re7+ 68. Kh6 Re6+ 69. Rg6 Ke7 70. Rxe6+ Kxe6 1/2-1/2


[Site "https://www.chess.com"]

[Event "Titled Tuesday Blitz January 18 2022"]
[White "Jobava, Baadur"]
[Black "Kosteniuk, Alexandra"]
[WhiteFideId "13601520"]
[BlackFideId "4128125"]
[WhiteElo "2910"]
[BlackElo "2697"]
[Result "1-0"]
[Round "06"]
[TimeControl "180+1"]
[Date "2022.01.18"]
[WhiteClock "0:00:36"]
[BlackClock "0:00:04"]

1. e4 c6 2. c4 d5 3. exd5 cxd5 4. d4 Nf6 5. Nc3 Nc6 6. Nf3 Be6 7. c5 g6 8. Bb5 Bg7 9. Ne5 Qc8 10. Qa4 Bd7 11. Nxd7 Qxd7 12. O-O O-O 13. Re1 Rfe8 14. h3 Qc7 15. Bg5 e6 16. Bh4 Nh5 17. g4 Nf4 18. Bg3 Nxh3+ 19. Kh2 Nf4 20. Bxc6 bxc6 21. Rad1 g5 22. b4 a6 23. Qc2 Reb8 24. a3 a5 25. bxa5 Rxa5 26. a4 Rb4 27. Ne2 Raxa4 28. Qd2 e5 29. dxe5 Bxe5 30. Nc3 Bxc3 31. Re8+ Kg7 32. Qxc3+ d4 33. Qc2 Qd7 34. Rde1 Qxg4 35. Qe4 Qh3+ 36. Kg1 d3 37. Qe5+ Kh6 38. Qf6+ Kh5 39. Qxf7+ Kg4 40. Qd7+ Kh5 41. Qxh7+ Kg4 42. Qd7+ Kh5 43. Rh8+ Kg6 44. Rxh3 Nxh3+ 45. Qxh3 Rg4 46. Re6+ Kf5 47. Qh6 1-0


[Site "https://www.chess.com"]

[Event "Titled Tuesday Blitz January 18 2022"]
[White "Kadam, Om Manish"]
[Black "Perez Gormaz, Matias"]
[WhiteFideId "45076294"]
[BlackFideId "3406342"]
[WhiteElo "1729"]
[BlackElo "2352"]
[Result "1-0"]
[Round "06"]
[TimeControl "180+1"]
[Date "2022.01.18"]
[WhiteClock "0:00:46"]
[BlackClock "0:00:02"]

1. e4 c5 2. Nf3 d6 3. d4 cxd4 4. Nxd4 Nf6 5. Nc3 a6 6. g3 e5 7. Nde2 h5 8. h3 Be7 9. Bg2 b5 10. a4 b4 11. Nd5 Nxd5 12. exd5 f5 13. O-O h4 14. Be3 hxg3 15. fxg3 a5 16. g4 Bg5 17. Qd2 f4 18. Nxf4 exf4 19. Bxf4 Be7 20. Bg3 Nd7 21. Rae1 Nf6 22. g5 O-O 23. gxf6 Bxf6 24. Kh2 Ba6 25. Rf5 Bxb2 26. Qf2 Bf6 27. Re6 Bc8 28. Rxd6 Qe7 29. Rf3 Bd7 30. Rb6 Rae8 31. Rb7 Qd8 32. Qc5 Bxa4 33. d6 Bd7 34. Qh5 Rf7 35. Rf2 Be6 36. Rxf7 Bxf7 37. Bd5 Bxd5 38. Qxd5+ Kh8 39. Rf5 1-0


[Site "https://www.chess.com"]

[Event "Titled Tuesday Blitz January 18 2022"]
[White "Kalashian, David"]
[Black "Howell, David W L"]
[WhiteFideId "13302418"]
[BlackFideId "410608"]
[WhiteElo "2743"]
[BlackElo "3009"]
[Result "0-1"]
[Round "06"]
[TimeControl "180+1"]
[Date "2022.01.18"]
[WhiteClock "0:00:03"]
[BlackClock "0:00:08"]

1. d4 f5 2. Bg5 g6 3. Nc3 Bg7 4. e4 fxe4 5. Nxe4 d5 6. Nc3 Nh6 7. Qd2 Nf7 8. Be3 c5 9. Nf3 Nc6 10. Bb5 O-O 11. Bxc6 bxc6 12. Ne2 cxd4 13. Nexd4 Bd7 14. Nb3 Bxb2 15. Rb1 Bg7 16. O-O e5 17. Bc5 Re8 18. c3 a5 19. Ba3 Bf5 20. Rb2 Qc7 21. Nc5 Nd6 22. Qe2 Qc8 23. Na4 Nc4 24. Nb6 Nxb6 25. Rxb6 Rb8 26. Rxb8 Qxb8 27. Nh4 Bd7 28. Nf3 Qb5 29. Qd2 Bg4 30. Ng5 h6 31. h3 Qe2 32. Qc1 Bh5 33. Re1 Qxa2 34. g4 Bxg4 35. hxg4 hxg5 36. Bc5 Qc4 37. Be3 Qxg4+ 38. Kf1 Qh3+ 39. Ke2 Qg4+ 40. Kf1 Bf6 41. Qb1 Qf5 42. Qb7 Qc8 43. Qb1 Kg7 44. Rd1 Rh8 45. Ke2 Qa6+ 46. Kd2 d4 47. Kc2 Qb5 48. Qa2 Qd5 49. Qb2 Rd8 50. cxd4 exd4 51. Bd2 d3+ 52. Kb1 Bxb2 0-1


[Site "https://www.chess.com"]

[Event "Titled Tuesday Blitz January 18 2022"]
[White "Karas, Marek"]
[Black "Djordjevic, Vuk"]
[WhiteFideId "14928558"]
[BlackFideId "902098"]
[WhiteElo "2270"]
[BlackElo "2463"]
[Result "1-0"]
[Round "06"]
[TimeControl "180+1"]
[Date "2022.01.18"]
[WhiteClock "0:00:12"]
[BlackClock "0:00:03"]

1. d4 Nf6 2. Nf3 e6 3. Bf4 d5 4. e3 Bd6 5. Bg3 O-O 6. Bd3 c5 7. c3 Qc7 8. dxc5 Qxc5 9. Nbd2 Nbd7 10. e4 dxe4 11. Nxe4 Nxe4 12. Bxe4 Bxg3 13. hxg3 Nf6 14. Qc2 h6 15. Rd1 e5 16. O-O Rb8 17. Rfe1 b5 18. Bd3 Re8 19. Nd2 Bg4 20. Rc1 b4 21. cxb4 Qxb4 22. b3 Rec8 23. Bc4 Qa5 24. Ne4 Qb6 25. Nxf6+ Qxf6 26. Qe4 Be6 27. Qxe5 Qxe5 28. Rxe5 Rb4 29. Ra5 Rc7 30. Ra6 Kf8 31. f3 Rb8 32. Rc2 Rd8 33. Kh2 Rc5 34. g4 Rc7 35. Ra5 Bc8 36. Kg3 Rd6 37. Re5 Be6 38. Rce2 g6 39. Bxe6 fxe6 40. Rxe6 Rxe6 41. Rxe6 Kf7 42. Ra6 Kg7 43. b4 Rb7 44. a3 Kf7 45. Kf4 Kg7 46. Ke5 Re7+ 47. Kd4 Rc7 48. b5 Kf7 49. a4 Kg7 50. Rc6 Rd7+ 51. Kc5 Kf7 52. a5 Re7 53. b6 axb6+ 54. axb6 Re2 55. b7 1-0


[Site "https://www.chess.com"]

[Event "Titled Tuesday Blitz January 18 2022"]
[White "Karttunen, Mika"]
[Black "Shipov, Sergei"]
[WhiteFideId "502081"]
[BlackFideId "4113624"]
[WhiteElo "2343"]
[BlackElo "2781"]
[Result "0-1"]
[Round "06"]
[TimeControl "180+1"]
[Date "2022.01.18"]
[WhiteClock "0:00:21"]
[BlackClock "0:01:19"]

1. d4 d5 2. c4 dxc4 3. e3 e6 4. Bxc4 c5 5. Nf3 a6 6. O-O Nf6 7. Qe2 b5 8. Bb3 Bb7 9. Rd1 Nbd7 10. a4 c4 11. Bc2 Be7 12. e4 O-O 13. Nbd2 Rc8 14. axb5 axb5 15. Nf1 b4 16. Ng3 Qb6 17. e5 Nd5 18. Qe4 g6 19. Qg4 b3 20. Bb1 c3 21. Bd3 c2 22. Re1 Nb4 23. Bf1 Ra8 24. Rxa8 Rxa8 25. h4 Ra1 26. h5 Na2 27. hxg6 hxg6 28. Qf4 Bxf3 29. gxf3 Rxc1 30. Rxc1 Nxc1 31. Qxc1 Qxd4 32. f4 Nc5 33. Ne2 Qd1 34. Qe3 Nd3 35. Qa7 Bc5 36. Qb8+ Kg7 37. Qxb3 Bxf2+ 38. Kg2 c1=Q 39. Nxc1 Qg4+ 40. Kh2 Qg3+ 41. Kh1 Qg1# 0-1


[Site "https://www.chess.com"]